 Dungeon Crawl Stone Soup version 0.24.0-123-gd5b16e6ec5 (webtiles) character file.

Game seed: 1711387625328105021, levelgen mode: deterministic

100 Delamore the Chopper (level 5, -1/41 HPs)
             Began as a Formicid Fighter on Jan 7, 2020.
             Killed from afar by a white imp (8 damage)
             ... with a puff of frost
             ... summoned by Natasha
             ... on level 2 of the Dungeon.
             The game lasted 00:01:48 (1494 turns).

Delamore the Chopper (Formicid Fighter)             Turns: 1494, Time: 00:01:49

Health: -1/41      AC: 11    Str: 22    XL:     5   Next: 3%
Magic:  14/14      EV:  4    Int:  7    God:
Gold:   54         SH:  9    Dex: 10    Spells: 4/4 levels left

rFire    + . .     SeeInvis +   n - +0 hand axe
rCold    . . .     Gourm    .   c - +0 shield
rNeg     . . .     Faith    .   g - +0 plate armour
rPois    .         Spirit   .   (helmet unavailable)
rElec    .         Reflect  .   (no cloak)
rCorr    .         Harm     .   (no gloves)
MR       .....                  (no boots)
Stlth    ..........             (no amulet)
HPRegen  0.13/turn              q - ring of magical power
MPRegen  0.14/turn              m - ring of protection from fire

@: no status effects
A: permanent stasis, dig shafts and tunnels, four strong arms, antennae 3
a: Dig, Shaft Self


You were on level 2 of the Dungeon.
You were not hungry.

You visited 1 branch of the dungeon, and saw 2 of its levels.

You collected 54 gold pieces.

Inventory:

Hand Weapons
 a - a +0 war axe
 n - a +0 hand axe (weapon)
Missiles
 l - 7 javelins (quivered)
Armour
 b - a +0 scale mail
 c - a +0 shield (worn)
 g - a +0 plate armour (worn)
Jewellery
 m - a ring of protection from fire (right hand)
 q - a ring of magical power (left hand)
Scrolls
 e - 6 scrolls of identify {unknown}
 i - a scroll of teleportation {unknown}
 k - a scroll of enchant weapon {unknown}
 o - a scroll of amnesia {unknown}
 p - a scroll of remove curse {unknown}
 r - a scroll of noise {unknown}
Potions
 d - 3 potions of might
 h - a potion of cancellation {unknown}
 j - 2 potions of magic {unknown}
 s - a potion of brilliance {unknown}
Comestibles
 f - 8 rations


   Skills:
 - Level 3.2 Fighting
 + Level 4.8 Axes
 - Level 3.2 Armour
 - Level 3.6 Shields


You had 4 spell levels left.
You didn't know any spells.
Your spell library contained the following spells:

 Spells                   Type           Power        Failure   Level  Hunger
 Animate Skeleton         Necr           N/A          100%        1    ##.....
 Apportation              Tloc           #.....       100%        1    ##.....
 Confusing Touch          Hex            #.....       100%        1    ##.....
 Summon Small Mammal      Summ           #...         100%        1    ##.....


Dungeon Overview and Level Annotations

Branches:
Dungeon (2/15)

Altars:
Nemelex Xobeh

Annotations:
D:2 Natasha


Innate Abilities, Weirdness & Mutations

You cannot be hasted, slowed, berserked, paralysed or teleported.
You can dig through walls and to a lower floor.
Your four strong arms can wield two-handed weapons with a shield.
You have a pair of large antennae on your head. (SInv)


Message History

You hit the withered plant but do no damage.
You barely miss the white imp. The white imp gestures at you.
The puff of frost hits you! Natasha claws you but does no damage.
You are too injured to fight recklessly!
You closely miss Natasha.
Natasha is severely wounded.
You hit the withered plant but do no damage.
You hit the white imp. The white imp gestures at you.
The puff of frost hits you!
* * * LOW HITPOINT WARNING * * *
Natasha claws you but does no damage.
You hit Natasha.
Natasha is severely wounded.
Your shield and plate armour prevent you from hitting the white imp.
You hit the withered plant but do no damage.
The white imp gestures at you. The puff of frost hits you!
You die...

#.##.'#.#.#'.##.#.###
#..###..#..###..#.# #
##.....###......#.# #
##§.#......##..#.# #
#.###.....###...###
#§§§§.....# ##.....
##§§§§....####.....
#§5§§...........#.
#@§§P....####.#.#.
#hP§P....# ##.#.##
#.##.....# #..#.# #.§
.... #.##.# ### ...
##.##.# ####...#.#
#.P..#.# #P...#.#
#....#.#


You could see Natasha and a white imp.

Vanquished Creatures
  2 adders (D:2)
  3 adder zombies (D:2)
  4 adder skeletons (D:2)
  A worm (D:2)
  A dart slug (D:1)
  5 bats
  A bat skeleton (D:2)
  3 bat zombies (D:2)
  3 giant cockroaches
  6 goblins
  5 hobgoblins
  2 jackals (D:1)
  7 frilled lizards
  2 giant cockroach zombies (D:2)
  5 kobolds
  7 rats
57 creatures vanquished.

Notes
Turn   | Place    | Note
-------+----------+-------------------------------------------
     0 | D:1      | Delamore the Formicid Fighter began the quest for the Orb.
     0 | D:1      | Reached XP level 1. HP: 18/18 MP: 1/1
    64 | D:1      | Reached XP level 2. HP: 20/24 MP: 2/2
   213 | D:1      | Reached skill level 3 in Axes
   286 | D:1      | Reached XP level 3. HP: 28/29 MP: 3/3
   834 | D:2      | Reached skill level 4 in Axes
   834 | D:2      | Reached XP level 4. HP: 14/35 MP: 4/4
  1392 | D:2      | Reached XP level 5. HP: 33/41 MP: 5/5
  1441 | D:2      | Found a sparkling altar of Nemelex Xobeh.
  1485 | D:2      | Noticed Natasha
  1494 | D:2      | Killed from afar by a white imp

Levels and vault maps discovered:
D:1:      dpeg_arrival_rhombus, layout_loops_ring
D:2:      layout_rooms, serial_undead, serial_undead_a, serial_undead_b,
          serial_undead_b, serial_undead_d, serial_undead_a, serial_undead_a,
          serial_undead_e, serial_undead_b, serial_undead_b, serial_undead_f,
          nemelex_spade_bored_becter, uniq_natasha

Skill      XL: |  1  2  3 |
---------------+----------+-----
Axes           | 3 4 |  4.8
Fighting       | |  3.2
Armour         | |  3.2
Shields        | |  3.6

Action                   |  1- 3 |  4- 6 || total
-------------------------+-------+-------++-------
Melee: War axe           |    88 |       ||    88
       Hand axe          |    22 |   112 ||   134
  Eat: Chunk             |       |     2 ||     2
Armor: Scale mail        |    14 |       ||    14
       Plate armour      |    45 |    83 ||   128
Dodge: Dodged            |    18 |    27 ||    45
Block: Shield            |    58 |    68 ||   126
